 Dungeon Crawl Stone Soup version 0.17-a0-1301-ga863c44 (webtiles) character file.

1362 Kidiri the Covert (level 8, 0/40 HPs)
             Began as a Spriggan Assassin on June 7, 2015.
             Slain by an orc warrior
             ... wielding a +0 glaive
              (17 damage)
             ... on level 6 of the Dungeon.
             The game lasted 00:40:24 (7195 turns).

Kidiri the Covert (Spriggan Assassin)               Turns: 7195, Time: 00:40:25

Health: 0/40       AC:  4    Str:  7      XL:     8   Next: 37%
Magic:  13/13      EV: 21    Int: 13      God:
Gold:   173        SH:  0    Dex: 15 (19) Spells: 3 memorised, 5 levels left

rFire  + . .     SeeInvis +     z - +2 dagger (venom)
rCold  x . .     Clarity  +     c - +0 robe
rNeg   . . .     SustAt   .     (shield restricted)
rPois  .         Gourm    .     h - +0 hat
rElec  .         Spirit   .     d - +1 cloak
rCorr  .         Warding  .     (gloves unavailable)
rMut   .         Stasis   .     (boots unavailable)
MR     +....                    w - amulet of clarity
Stlth  +++++.....               (no ring)
                                p - ring of fire

@: very quick, somewhat resistant to hostile enchantments, quite stealthy
A: unfitting armour, see invisible, herbivore 3, speed 3, high mp 1, slow
metabolism 2, spit poison 1
a: Spit Poison


You were on level 6 of the Dungeon.
You were not hungry.

You visited 1 branch of the dungeon, and saw 6 of its levels.

You collected 173 gold pieces.

Inventory:

Hand weapons
 b - a +0 blowgun
 j - a +0 short sword
 k - a +2 dagger of draining
 q - a +0 dagger of speed
 z - a +2 dagger of venom (weapon)
Missiles
 e - 25 poisoned needles
 f - a curare-tipped needle
 s - 2 needles of paralysis
Armour
 c - a +0 robe (worn)
 d - a +1 cloak (worn)
 h - a +0 hat (worn)
Jewellery
 p - a ring of fire (left hand)
 w - an amulet of clarity (around neck)
Magical devices
 n - a wand of flame (38)
Scrolls
 a - a scroll of remove curse
 i - a scroll of fear
 m - a scroll of fog
 o - 2 scrolls of noise
 u - 3 scrolls of identify
 x - 3 scrolls of teleportation
Potions
 l - a potion of flight
 t - 2 potions of brilliance
 v - a potion of invisibility
Books
 y - a book of Debilitation

   Spells                             Type                      Level
   a - Corona                         Hexes                        1
   b - Slow                           Hexes                        2
   c - Gell's Gravitas                Hexes/Translocation          3
   d - Inner Flame                    Hexes/Fire                   3
   e - Cause Fear                     Hexes                        4
   f - Leda's Liquefaction            Hexes/Earth                  4
Comestibles
 g - 4 bread rations
 r - 2 slices of pizza


   Skills:
 + Level 3.2 Fighting
 * Level 6.2 Short Blades
 + Level 4.1 Throwing
 * Level 7.0 Dodging
 * Level 9.3 Stealth
 * Level 2.1 Spellcasting
 + Level 0.8 Hexes
 + Level 2.0 Translocations


You had 5 spell levels left.
You knew the following spells:

 Your Spells              Type           Power        Failure   Level  Hunger
a - Corona                Hex            #......      21%         1    ##.....
b - Slow                  Hex            #.......     30%         2    ###....
c - Gell's Gravitas       Hex/Tloc       #.........   52%         3    ####...


Dungeon Overview and Level Annotations

Branches:
Dungeon (6/15)
 Temple: D:4-7

Altars:
Elyvilon
Makhleb
Okawaru
Sif Muna
Xom
The Shining One

Shops:
D:5 (

Annotations:
D:3 Fluffy's ghost, average GrFi


Innate Abilities, Weirdness & Mutations

You are tiny and cannot use many weapons and most armour.
You have supernaturally acute eyesight.
You are a herbivore.
You cover ground extremely quickly.
You need consume almost no food.
You have an increased reservoir of magic (+10% MP).
You can spit weak poison.


Message History

There is a stone staircase leading up here.
No target in view!
There is a stone staircase leading down here.
An orc comes into view.
The orc shouts!
An orc wizard comes into view. It is wielding a dagger.
The orc wizard shouts!
You closely miss the orc. The orc completely misses you.
You closely miss the orc.
The orc warrior hits you from afar with a glaive!!
Ouch! That really hurt!
The hobgoblin shouts!
You hit the orc.
The orc is poisoned.
The orc is moderately wounded.
The orc hits you.
You hit the orc.
The orc looks even sicker.
The orc is severely wounded.
You kill the orc!
The orc warrior hits you from afar with a glaive!
You die...

#.#.......# #...#
#####Z#.#####.# #.#.#
#....a#.#...#.# #.#.#
#r##.O#.#.#.#.# #[#.#
#†##o.#.#<#.#.# #)#)#
#ro...#.###.#.#####.#..
#g†...#.....#...).)[#.#
.##†####################
...loo.@.............>..
.#######################


You could see an orc warrior, an orc wizard and a giant gecko.

Vanquished Creatures
  Prince Ribbit (D:5)
  An orc warrior (D:6)
  An ogre (D:4)
  2 sky beasts
  2 giant frogs
  A scorpion (D:4)
  A quasit (D:6)
  A giant frog zombie (D:5)
  3 hounds
  Ijyb (D:3)
  3 orc wizards
  Jessica (D:3)
  2 iguanas
  An orc priest (D:3)
  4 worker ants
  A worker ant zombie (D:5)
  5 adders
  An adder zombie (D:5)
  2 worms
  2 giant geckos
  11 orcs
  2 bat skeletons
  A bat zombie (D:5)
  12 goblins
  7 hobgoblins
  6 jackals
  8 kobolds
  A ball python (D:2)
  8 bats
  8 giant cockroaches
  8 giant newts
  8 rats
116 creatures vanquished.

Notes
Turn   | Place    | Note
--------------------------------------------------------------
     0 | D:1      | Kidiri the Spriggan Assassin began the quest for the Orb.
     0 | D:1      | Reached XP level 1. HP: 10/10 MP: 2/2
   612 | D:1      | Reached XP level 2. HP: 9/15 MP: 3/3
   765 | D:1      | Reached skill level 6 in Stealth
  1081 | D:1      | Reached XP level 3. HP: 16/18 MP: 4/4
  1378 | D:2      | Gained mutation: You have an increased reservoir of magic (+10% MP). [potion of mutation]
  1378 | D:2      | Gained mutation: You can spit weak poison. [potion of mutation]
  1497 | D:2      | Found a white marble altar of Elyvilon.
  1931 | D:2      | Reached XP level 4. HP: 14/23 MP: 5/5
  2526 | D:3      | Noticed Ijyb
  2571 | D:3      | Killed Ijyb
  2865 | D:3      | Reached XP level 5. HP: 26/26 MP: 6/6
  2990 | D:3      | Noticed Jessica
  3014 | D:3      | Killed Jessica
  3305 | D:3      | Noticed Fluffy's ghost (average GrFi)
  3322 | D:3      | Found a white marble altar of Elyvilon.
  4201 | D:4      | Found a burning altar of Makhleb.
  4201 | D:4      | Found a shimmering altar of Xom.
  4202 | D:4      | Found an iron altar of Okawaru.
  4317 | D:4      | Reached XP level 6. HP: 26/30 MP: 7/7
  4439 | D:4      | Noticed an ogre
  4442 | D:4      | Killed an ogre
  4442 | D:4      | Reached skill level 7 in Stealth
  4453 | D:4      | Reached skill level 5 in Dodging
  4599 | D:4      | Found a deep blue altar of Sif Muna.
  5187 | D:5      | Entered Level 5 of the Dungeon
  5658 | D:5      | Noticed Prince Ribbit
  5695 | D:5      | Killed Prince Ribbit
  5695 | D:5      | Reached skill level 5 in Short Blades
  5695 | D:5      | Reached skill level 8 in Stealth
  5695 | D:5      | Reached XP level 7. HP: 20/35 MP: 8/8
  5926 | D:5      | Found a glowing golden altar of the Shining One.
  5987 | D:5      | Found Plog's Antique Weapon Emporium.
  6036 | D:5      | Learned a level 1 spell: Corona
  6039 | D:5      | Learned a level 2 spell: Slow
  6043 | D:5      | Learned a level 3 spell: Gell's Gravitas
  6583 | D:6      | Reached skill level 1 in Spellcasting
  6583 | D:6      | Reached XP level 8. HP: 38/40 MP: 9/11
  6584 | D:6      | Reached skill level 1 in Translocations
  6599 | D:6      | Reached skill level 9 in Stealth
  7195 | D:6      | Slain by an orc warrior

Vault maps used:
D:1:      sevenhm_arrival_forest_fort_small_4, st_stairs_13
D:2:      st_stairs_6, elyvilon_altar_5
D:3:      lemuel_crystal_altar, uniq_iyjb, uniq_jessica
D:4:      lemuel_round_altar, gammafunk_temple_overflow_forgotten, first_bread
D:5:      tso_metal_star, serial_shops, shop, uniq_prince_ribbit1
D:6:      basic_altar

Action                   |  1- 3 |  4- 6 |  7- 9 || total
-------------------------+-------+-------+-------++-------
Melee: Dagger            |   126 |   258 |   149 ||   533
       Short sword       |     1 |    88 |       ||    89
 Fire: Blowgun           |       |     9 |       ||     9
Throw: Stone             |       |     4 |       ||     4
 Cast: Slow              |       |       |     1 ||     1
 Abil: Spit Poison       |     1 |       |       ||     1
  Use: Potion            |     7 |     1 |     3 ||    11
       Scroll            |       |    11 |     1 ||    12
 Stab: Sleeping          |    11 |    18 |     9 ||    38
       Distracted        |     1 |       |     1 ||     2
       Paralysed         |       |     1 |       ||     1
  Eat: Bread ration      |       |     1 |       ||     1
